| TOP OF THE 1ST |
|
Geneva Red Legs batting - Pitching for Williamsport Greys : LHP Scott Arigoni
|
|
Pitching: LHP Scott Arigoni
|
|
|
Batting: RHB Raymond Bresnahan
|
0-0: Ball 1-0: Foul Ball, location: 2F 1-1: Called Strike 1-2: Ground out 5-3 (Groundball, 56)
|
|
Batting: RHB Harold Crisp
|
0-0: Foul Ball, location: 2F 0-1: Swinging Strike 0-2: Ball 1-2: Foul Ball, location: 2F 1-2: Ball 2-2: Strikes out looking
|
|
Batting: RHB Adolfo Feliz
|
0-0: Called Strike 0-1: Foul Ball, location: 2F 0-2: Foul Ball, location: 2F 0-2: Ball 1-2: Ball 2-2: TRIPLE (Line Drive, 78XD)
|
|
Batting: RHB Steve Balboni
|
0-0: Ball 1-0: Foul Ball, location: 2F 1-1: Ball 2-1: Foul Ball, location: 2F 2-2: Strikes out swinging
|
| Top of the 1st over - 0 runs, 1 hit, 0 errors, 1 left on base; Geneva 0 - Williamsport 0 |
| BOTTOM OF THE 1ST |
|
Williamsport Greys batting - Pitching for Geneva Red Legs : RHP Thomas Bloemke
|
|
Pitching: RHP Thomas Bloemke
|
|
|
Batting: RHB Joseph Tarver
|
0-0: Ball 1-0: Bunt missed! 1-1: Swinging Strike 1-2: Ball 2-2: Ball 3-2: Base on Balls
|
|
Batting: RHB William Springman
|
0-0: Ball 1-0: Ball 2-0: SINGLE (Groundball, 6D) Joseph Tarver to second
|
|
Batting: RHB Julio Franco
|
0-0: Ball 1-0: Foul Ball, location: 2F 1-1: Fly out, F7 (Flyball, 7LS)
|
|
Batting: RHB Tim Tolman
|
0-0: Ball 1-0: Foul Ball, location: 2F 1-1: Ball 2-1: Ball 3-1: TRIPLE (Flyball, 8LXD) Joseph Tarver scores William Springman scores
|
|
Batting: RHB Nick Esasky
|
0-0: SINGLE (Flyball, 7S) Tim Tolman scores
|
|
Batting: LHB Bruce Fields
|
0-0: Ball 1-0: Fly out, F9 (Flyball, 9LM)
|
|
Batting: RHB Bruce Oliver
|
0-0: Foul Ball, location: 2F 0-1: Swinging Strike 0-2: Fly out, F9 (Flyball, 9LSF)
|
| Bottom of the 1st over - 3 runs, 3 hits, 0 errors, 1 left on base; Geneva 0 - Williamsport 3 |
| TOP OF THE 2ND |
|
Geneva Red Legs batting - Pitching for Williamsport Greys : LHP Scott Arigoni
|
|
Batting: SHB Kevin Jensen
|
0-0: Ball 1-0: Called Strike 1-1: Swinging Strike 1-2: Foul Ball, location: 2F 1-2: Foul Ball, location: 2F 1-2: Foul Ball, location: 2F 1-2: Ground out 3-1 (Groundball, 34)
|
|
Batting: RHB Sean O'Leary
|
0-0: Ball 1-0: Ground out 6-3 (Groundball, 6)
|
|
Batting: RHB Allen Leech
|
0-0: Swinging Strike 0-1: Ball 1-1: Swinging Strike 1-2: Strikes out swinging
|
| Top of the 2nd over - 0 runs, 0 hits, 0 errors, 0 left on base; Geneva 0 - Williamsport 3 |
| BOTTOM OF THE 2ND |
|
Williamsport Greys batting - Pitching for Geneva Red Legs : RHP Thomas Bloemke
|
|
Batting: RHB Jerry Aubin
|
0-0: Ball 1-0: Fly out, F9 (Flyball, 89M)
|
|
Batting: RHB Dave Valle
|
0-0: Swinging Strike 0-1: Swinging Strike 0-2: Strikes out looking
|
|
Batting: RHB Joseph Tarver
|
0-0: Foul Ball, location: 2F 0-1: Ball 1-1: Foul Ball, location: 2F 1-2: Fly out, F7 (Flyball, 7LS)
|
| Bottom of the 2nd over - 0 runs, 0 hits, 0 errors, 0 left on base; Geneva 0 - Williamsport 3 |
| TOP OF THE 3RD |
|
Geneva Red Legs batting - Pitching for Williamsport Greys : LHP Scott Arigoni
|
|
Batting: RHB Richard Meltz
|
0-0: Foul Ball, location: 2F 0-1: Swinging Strike 0-2: Ball 1-2: Ball 2-2: Foul Ball, location: 2F 2-2: Foul Ball, location: 2F 2-2: Strikes out looking
|
|
Batting: LHB William Bowman
|
0-0: Called Strike 0-1: Called Strike 0-2: Ground out 6-3 (Groundball, 6M)
|
|
Batting: RHB Raymond Bresnahan
|
0-0: Foul Ball, location: 2F 0-1: Ball 1-1: Called Strike 1-2: Ground out 1-3 (Groundball, 25)
|
| Top of the 3rd over - 0 runs, 0 hits, 0 errors, 0 left on base; Geneva 0 - Williamsport 3 |
| BOTTOM OF THE 3RD |
|
Williamsport Greys batting - Pitching for Geneva Red Legs : RHP Thomas Bloemke
|
|
Batting: RHB William Springman
|
0-0: Ball 1-0: Foul Ball, location: 2F 1-1: Ball 2-1: Foul Ball, location: 2F 2-2: Foul Ball, location: 2F 2-2: DOUBLE (Line Drive, 89M) - OUT at third base trying to stretch hit.
|
|
Batting: RHB Julio Franco
|
0-0: Ball 1-0: Ball 2-0: SINGLE (Line Drive, 8RS)
|
|
Batting: RHB Tim Tolman
|
0-0: Ball 1-0: Ball Julio Franco is caught stealing 2nd base 2-4 2-0: Called Strike 2-1: Foul Ball, location: 2F 2-2: Fly out, F4 (Popup, 4)
|
| Bottom of the 3rd over - 0 runs, 2 hits, 0 errors, 0 left on base; Geneva 0 - Williamsport 3 |
| TOP OF THE 4TH |
|
Geneva Red Legs batting - Pitching for Williamsport Greys : LHP Scott Arigoni
|
|
Batting: RHB Harold Crisp
|
0-0: Foul Ball, location: 2F 0-1: Ground out 4-3 (Groundball, 4)
|
|
Batting: RHB Adolfo Feliz
|
0-0: Foul Ball, location: 2F 0-1: Called Strike 0-2: Strikes out looking
|
|
Batting: RHB Steve Balboni
|
0-0: Foul Ball, location: 2F 0-1: DOUBLE (Flyball, 8RXD)
|
|
Batting: SHB Kevin Jensen
|
0-0: Ball 1-0: Ball 2-0: Ball Wild Pitch! Steve Balboni to third 3-0: Called Strike 3-1: Swinging Strike 3-2: Strikes out looking
|
| Top of the 4th over - 0 runs, 1 hit, 0 errors, 1 left on base; Geneva 0 - Williamsport 3 |
| BOTTOM OF THE 4TH |
|
Williamsport Greys batting - Pitching for Geneva Red Legs : RHP Thomas Bloemke
|
|
Batting: RHB Nick Esasky
|
0-0: Foul Ball, location: 2F 0-1: Ball 1-1: Ball 2-1: Foul Ball, location: 2F 2-2: Ball 3-2: TRIPLE (Flyball, 9LD)
|
|
Batting: LHB Bruce Fields
|
0-0: Ball 1-0: Ball 2-0: Ball 3-0: Base on Balls
|
|
Batting: RHB Bruce Oliver
|
0-0: Ball 1-0: Ball 2-0: Swinging Strike 2-1: Foul Ball, location: 2F 2-2: Ball 3-2: Foul Ball, location: 2F 3-2: Fly out, F9 (Flyball, 89S)
|
|
Batting: RHB Jerry Aubin
|
0-0: Swinging Strike 0-1: Ball 1-1: Swinging Strike 1-2: Fly out, F7 (Flyball, 7LMF) Runner from 3rd tags up, SCORES, throw by LF
|
|
Batting: RHB Dave Valle
|
0-0: Ball 1-0: Ball 2-0: Ball 3-0: Base on Balls Bruce Fields to second
|
|
Batting: RHB Joseph Tarver
|
0-0: Called Strike 0-1: Foul Ball, location: 2F 0-2: Ball 1-2: Foul Ball, location: 2F 1-2: Ball 2-2: Ball 3-2: 3-RUN HOME RUN (Flyball, 7D), Distance : 366 ft
|
|
Batting: RHB William Springman
|
0-0: Ball 1-0: Ball 2-0: Ball 3-0: Called Strike 3-1: Called Strike 3-2: Foul Ball, location: 2F 3-2: Fly out, F8 (Line Drive, 8LD)
|
| Bottom of the 4th over - 4 runs, 2 hits, 0 errors, 0 left on base; Geneva 0 - Williamsport 7 |
| TOP OF THE 5TH |
|
Geneva Red Legs batting - Pitching for Williamsport Greys : LHP Scott Arigoni
|
|
Batting: RHB Sean O'Leary
|
0-0: Fly out, F8 (Line Drive, 8LD)
|
|
Batting: RHB Allen Leech
|
0-0: Ball 1-0: Swinging Strike 1-1: Swinging Strike 1-2: Ball 2-2: Strikes out swinging
|
|
Batting: RHB Richard Meltz
|
0-0: Fly out, F8 (Flyball, 78S)
|
| Top of the 5th over - 0 runs, 0 hits, 0 errors, 0 left on base; Geneva 0 - Williamsport 7 |
| BOTTOM OF THE 5TH |
|
Williamsport Greys batting - Pitching for Geneva Red Legs : RHP Thomas Bloemke
|
|
Batting: RHB Julio Franco
|
0-0: Ball 1-0: DOUBLE (Line Drive, 7LM)
|
|
Batting: RHB Tim Tolman
|
0-0: Foul Ball, location: 2F 0-1: Ball 1-1: Fly out, F8 (Flyball, 8LD)
|
|
Batting: RHB Nick Esasky
|
0-0: Called Strike 0-1: Ball 1-1: Foul Ball, location: 2F 1-2: Ball 2-2: Foul Ball, location: 2F 2-2: Foul Ball, location: 2F 2-2: Fly out, F7 (Line Drive, 7D) Runner from 2nd tags up, SAFE at 3rd, no throw by LF
|
|
Batting: LHB Bruce Fields
|
0-0: Called Strike 0-1: Ball 1-1: Ball 2-1: Ball 3-1: Fly out, F8 (Flyball, 8RS)
|
| Bottom of the 5th over - 0 runs, 1 hit, 0 errors, 1 left on base; Geneva 0 - Williamsport 7 |
| TOP OF THE 6TH |
|
Geneva Red Legs batting - Pitching for Williamsport Greys : LHP Scott Arigoni
|
|
Batting: LHB William Bowman
|
0-0: Ball 1-0: Ball 2-0: SINGLE (Groundball, 6MD)
|
|
Batting: RHB Raymond Bresnahan
|
0-0: Ball 1-0: Called Strike 1-1: Foul Ball, location: 2F 1-2: Ball 2-2: Foul Ball, location: 2F 2-2: Foul Ball, location: 2F 2-2: Ball 3-2: Fly out, F4 (Popup, 34S)
|
|
Batting: RHB Harold Crisp
|
0-0: Ball 1-0: Foul Ball, location: 2F 1-1: Foul Ball, location: 2F 1-2: DOUBLE (Flyball, 89D) William Bowman to third
|
|
Batting: RHB Adolfo Feliz
|
0-0: Ball 1-0: Foul Ball, location: 2F 1-1: Foul Ball, location: 2F 1-2: Strikes out swinging
|
|
Batting: RHB Steve Balboni
|
0-0: Swinging Strike 0-1: Ball 1-1: Ball 2-1: Ball 3-1: Foul Ball, location: 2F 3-2: Strikes out swinging
|
| Top of the 6th over - 0 runs, 2 hits, 0 errors, 2 left on base; Geneva 0 - Williamsport 7 |
| BOTTOM OF THE 6TH |
|
Williamsport Greys batting - Pitching for Geneva Red Legs : RHP Thomas Bloemke
|
|
Batting: RHB Bruce Oliver
|
0-0: Ball 1-0: Fly out, F8 (Flyball, 8RXD)
|
|
Batting: RHB Jerry Aubin
|
0-0: Foul Ball, location: 2F 0-1: Fly out, F9 (Line Drive, 9)
|
|
Batting: RHB Dave Valle
|
0-0: Ball 1-0: Ball 2-0: Ball 3-0: Swinging Strike 3-1: Base on Balls
|
|
Batting: RHB Joseph Tarver
|
0-0: Called Strike Dave Valle steals 2nd, throwing error, E2 Dave Valle to third 0-1: Swinging Strike 0-2: Foul Ball, location: 2F 0-2: Fly out, F9 (Flyball, 9LMF)
|
| Bottom of the 6th over - 0 runs, 0 hits, 1 error, 1 left on base; Geneva 0 - Williamsport 7 |
| TOP OF THE 7TH |
|
Geneva Red Legs batting - Pitching for Williamsport Greys : LHP Scott Arigoni
|
|
Batting: SHB Kevin Jensen
|
0-0: Called Strike 0-1: Foul Ball, location: 2F 0-2: Foul Ball, location: 2F 0-2: Strikes out swinging
|
|
Batting: RHB Sean O'Leary
|
0-0: Called Strike 0-1: DOUBLE (Flyball, 8RXD)
|
|
Batting: RHB Allen Leech
|
0-0: Ball 1-0: Called Strike 1-1: Ball 2-1: Ball 3-1: Swinging Strike 3-2: Ground out 3-1 (Groundball, 34) Sean O'Leary to third
|
|
Batting: RHB Richard Meltz
|
0-0: Ball 1-0: Ball 2-0: Called Strike 2-1: Fly out, F8 (Flyball, 8LXD)
|
| Top of the 7th over - 0 runs, 1 hit, 0 errors, 1 left on base; Geneva 0 - Williamsport 7 |
| BOTTOM OF THE 7TH |
|
Williamsport Greys batting - Pitching for Geneva Red Legs : RHP Thomas Bloemke
|
|
Pitching: RHP Gary Witter
|
|
|
Batting: RHB William Springman
|
0-0: Ground out 2-3 (Groundball, 15S)
|
|
Pinch Hitting: RHB George Slembecker
|
0-0: Ball 1-0: Ball 2-0: Foul Ball, location: 2F 2-1: Foul Ball, location: 2F 2-2: Foul Ball, location: 2F 2-2: Foul Ball, location: 2F 2-2: Ground out 6-3 (Groundball, 6)
|
|
Pinch Hitting: RHB Ricky Adams
|
0-0: Swinging Strike 0-1: Ground out 6-3 (Groundball, 6)
|
| Bottom of the 7th over - 0 runs, 0 hits, 0 errors, 0 left on base; Geneva 0 - Williamsport 7 |
| TOP OF THE 8TH |
|
Geneva Red Legs batting - Pitching for Williamsport Greys : LHP Scott Arigoni
|
|
Now at 2B: Ricky Adams
|
|
|
Now at 3B: George Slembecker
|
|
|
Batting: LHB William Bowman
|
0-0: Swinging Strike 0-1: Foul Ball, location: 2F 0-2: Ball 1-2: Strikes out looking
|
|
Batting: RHB Raymond Bresnahan
|
0-0: Ball 1-0: Ball 2-0: Foul Ball, location: 2F 2-1: Called Strike 2-2: Ball 3-2: Base on Balls
|
|
Pitching: RHP Mark Calvert
|
|
|
Batting: RHB Harold Crisp
|
0-0: Ball 1-0: Foul Ball, location: 2F 1-1: Called Strike 1-2: Foul Ball, location: 2F 1-2: Ball 2-2: Foul Ball, location: 2F 2-2: Foul Ball, location: 2F 2-2: Strikes out looking
|
|
Batting: RHB Adolfo Feliz
|
0-0: Ball 1-0: Foul Ball, location: 2F 1-1: Ball 2-1: DOUBLE (Line Drive, 7LM) Raymond Bresnahan to third Runner from 3rd tries for Home, SAFE, throw by LF to home
|
|
Batting: RHB Steve Balboni
|
0-0: Ball 1-0: DOUBLE (Line Drive, 8LXD) Adolfo Feliz scores
|
|
Batting: SHB Kevin Jensen
|
0-0: DOUBLE (Line Drive, 7LM) Steve Balboni scores
|
|
Pitching: RHP Steve Fireovid
|
|
|
Batting: RHB Sean O'Leary
|
0-0: Foul Ball, location: 2F 0-1: DOUBLE (Groundball, 5L) Kevin Jensen scores
|
|
Batting: RHB Allen Leech
|
0-0: Foul Ball, location: 2F 0-1: Ball 1-1: Ball 2-1: Swinging Strike 2-2: Strikes out looking
|
| Top of the 8th over - 4 runs, 4 hits, 0 errors, 1 left on base; Geneva 4 - Williamsport 7 |
| BOTTOM OF THE 8TH |
|
Williamsport Greys batting - Pitching for Geneva Red Legs : RHP Gary Witter
|
|
Batting: RHB Nick Esasky
|
0-0: Foul Ball, location: 2F 0-1: Ball 1-1: Called Strike 1-2: Ball 2-2: Ball 3-2: Foul Ball, location: 2F 3-2: Foul Ball, location: 2F 3-2: SOLO HOME RUN (Flyball, 78XD), Distance : 405 ft
|
|
Batting: LHB Bruce Fields
|
0-0: Swinging Strike 0-1: Fly out, F7 (Flyball, 7LM)
|
|
Batting: RHB Bruce Oliver
|
0-0: Called Strike 0-1: Swinging Strike 0-2: Foul Ball, location: 2F 0-2: Foul Ball, location: 2F 0-2: SINGLE (Flyball, 3D)
|
|
Batting: RHB Jerry Aubin
|
0-0: Ball 1-0: Swinging Strike 1-1: Ball 2-1: Ball 3-1: Fly out, F7 (Flyball, 78S)
|
|
Batting: RHB Dave Valle
|
0-0: Fly out, F7 (Flyball, 78M)
|
| Bottom of the 8th over - 1 run, 2 hits, 0 errors, 1 left on base; Geneva 4 - Williamsport 8 |
| TOP OF THE 9TH |
|
Geneva Red Legs batting - Pitching for Williamsport Greys : RHP Steve Fireovid
|
|
Batting: RHB Richard Meltz
|
0-0: Called Strike 0-1: Ball 1-1: Swinging Strike 1-2: Ball 2-2: Fly out, F8 (Flyball, 8LXD)
|
|
Batting: LHB William Bowman
|
0-0: Ball 1-0: Fly out, F9 (Flyball, 89D)
|
|
Batting: RHB Raymond Bresnahan
|
0-0: Ball 1-0: Ball 2-0: Foul Ball, location: 2F 2-1: Foul Ball, location: 2F 2-2: Ball 3-2: Base on Balls
|
|
Batting: RHB Harold Crisp
|
0-0: Swinging Strike 0-1: Foul Ball, location: 2F 0-2: Ball 1-2: Ball 2-2: Ball 3-2: Strikes out swinging
|
| Top of the 9th over - 0 runs, 0 hits, 0 errors, 1 left on base; Geneva 4 - Williamsport 8 |
|